 Dungeon Crawl Stone Soup version 0.25.0-11-g1f837a76a1 (webtiles) character file.

Game seed: 16600682510085095555

21 Aviak the Chiller (level 2, 0/20 HPs)
             Began as a Demonspawn Ice Elementalist on June 27, 2020.
             Slain by a jackal (1 damage)
             ... on level 1 of the Dungeon.
             The game lasted 00:00:58 (665 turns).

Aviak the Chiller (Demonspawn Ice Elementalist)      Turns: 665, Time: 00:00:59

Health: 0/20       AC:  2    Str:  8    XL:     2   Next: 62%
Magic:  1/5        EV: 12    Int: 16    God:
Gold:   40         SH:  0    Dex: 13    Spells: 4/5 levels left

rFire    + . .     SeeInvis .   b - +0 spear
rCold    . . .     Gourm    .   (no shield)
rNeg     . . .     Faith    .   a - +0 robe
rPois    .         Spirit   .   (no helmet)
rElec    .         Reflect  .   (no cloak)
rCorr    .         Harm     .   (no gloves)
MR       .....                  (no boots)
Stlth    ++........             (no amulet)
HPRegen  0.06/turn              (no ring)
MPRegen  0.09/turn              (no ring)

@: very slightly contaminated
A: fire resistance 1
a: no special abilities


You were on level 1 of the Dungeon.
You were not hungry.

You visited 1 branch of the dungeon, and saw 1 of its levels.

You collected 40 gold pieces.

Inventory:

Hand Weapons
 b - a +0 spear (weapon)
Armour
 a - a +0 robe (worn)
Scrolls
 e - a scroll of remove curse {unknown}
 f - 2 scrolls of immolation {unknown}
 h - a scroll of identify {unknown}
Potions
 d - a potion of berserk rage {unknown}
 g - a potion of flight {unknown}
Comestibles
 c - a ration


   Skills:
 + Level 0.7 Fighting
 - Level 2.0 Dodging
 - Level 1.7 Stealth
 + Level 2.4 Spellcasting
 + Level 3.9 Ice Magic


You had 4 spell levels left.
You knew the following spells:

 Your Spells              Type           Power        Failure   Level  Hunger
a - Freeze                Ice            ##..         4%          1    #......

Your spell library contained the following spells:

 Spells                   Type           Power        Failure   Level  Hunger
 Frozen Ramparts          Ice            ##....       12%         3    ###....
 Ozocubu's Armour         Chrm/Ice       #.......     26%         3    ###....
 Hailstorm                Conj/Ice       #.......     65%         4    #####..
 Summon Ice Beast         Ice/Summ       #.......     65%         4    #####..


Dungeon Overview and Level Annotations

Branches:
Dungeon (1/15)

Altars:


Innate Abilities, Weirdness & Mutations

Your flesh is heat resistant. (rF+)


Message History

The jackal barely misses you. The jackal bites you.
* * * LOW HITPOINT WARNING * * *
The jackal barely misses you. The jackal bites you.
* * * LOW HITPOINT WARNING * * *
The jackal bites you but does no damage.
The goblin hits you but does no damage. The jackal closely misses you.
You hit the goblin.
You kill the goblin!
The jackal barely misses you. The jackal closely misses you.
The jackal bites you.
* * * LOW HITPOINT WARNING * * *
The jackal closely misses you.
The jackal bites you but does no damage.
You hit the rat.
You kill the rat!
The jackal bites you but does no damage.
The jackal bites you.
* * * LOW HITPOINT WARNING * * *
The jackal bites you.
You die...

#........##..........
#........###.........
#........# #.........
##........# #.)####'##
#.........# ##.####'##
#........$# #.......#
#.........# #.......#
#.....h...####.......#
#...h@h(....##.......#
#####h).....##........
........#........#
.........#........#
.....######...(....#
......+.............#
.......#####.........#
......... #.....##+##
#......#.#


You could see 4 jackals.

Vanquished Creatures
  2 dart slugs (D:1)
  A bat (D:1)
  A giant cockroach (D:1)
  2 goblins (D:1)
  A hobgoblin (D:1)
  2 jackals (D:1)
  3 kobolds (D:1)
  3 rats (D:1)
15 creatures vanquished.

Notes
Turn   | Place    | Note
-------+----------+-------------------------------------------
     0 | D:1      | Aviak the Demonspawn Ice Elementalist began the quest for
                  | the Orb.
     0 | D:1      | Reached XP level 1. HP: 13/13 MP: 3/3
   286 | D:1      | Gained mutation: Your flesh is heat resistant. (rF+)
                  | [demonic ancestry]
   286 | D:1      | Reached XP level 2. HP: 9/19 MP: 0/5
   665 | D:1      | HP: 1/20 [jackal (1)]
   665 | D:1      | Slain by a jackal

Illustrated notes

Levels and vault maps discovered:
D:1:      scummos_arrival_hexagon, layout_basic

Skill      XL: |  1 |
---------------+----+-----
Dodging        | 2 |  2.0
Fighting       | |  0.7
Stealth        | |  1.7
Spellcasting   | |  2.4
Ice Magic      | |  3.9

Action                   || total
-------------------------++-------
Melee: Unarmed           ||    10
       Spear             ||    16
 Cast: Freeze            ||    17
Armor: Robe              ||    11
Dodge: Dodged            ||    54
